 Dungeon Crawl Stone Soup version 0.31.0-32-g396128a36d (webtiles) character file.

Game seed: 14820155545868098722

1418 Trailmix the Caller (level 8, 0/52 HPs)
             Began as an Octopode Summoner on Apr 13, 2024.
             Was an Initiate of Gozag.
             Engulfed by a steam dragon's steam (4 damage)
             ... on level 6 of the Dungeon.
             The game lasted 00:07:16 (4178 turns).

Trailmix the Caller (Octopode Summoner)             Turns: 4178, Time: 00:07:17

Health: 0/52       AC:  1    Str: 13    XL:     8   Next: 71%
Magic:  6/11       EV: 13    Int: 20    God:    Gozag
Gold:   483        SH:  0    Dex: 12    Spells: 3/11 levels left

rFire   . . .        e - +3 dagger (speed)
rCold   + . .        (no shield)
rNeg    . . .        (helmet restricted)
rPois   .            (no amulet)
rElec   .            C - ring of protection from cold
rCorr   .            S - +6 ring of strength
SInv    .            Z - ring of wizardry
Will    .....        L - ring of flight
Stlth   +++          (no ring)
HPRegen 0.28/turn    (no ring)
MPRegen 0.12/turn    (no ring)
                     (no ring)

%: wizardry (x1)
@: gold aura, unable to call your familiar, flying
A: almost no armour, amphibious, 8 rings, camouflage 1, gelatinous body 1,
(nimble swimmer 1), tentacles
a: Renounce Religion, Potion Petition, Call Merchant, Bribe Branch


You were on level 6 of the Dungeon.
You worshipped Gozag.
Gozag was aware of your devotion.
You visited 1 branch of the dungeon, and saw 6 of its levels.

You collected 518 gold pieces.
You paid 35 gold pieces to Gozag.


Innate Abilities, Weirdness & Mutations

You cannot wear most types of armour.
You are amphibious.
You can wear up to eight rings at the same time.
Your skin changes colour to match your surroundings (Stealth+).
Your rubbery body absorbs attacks. (AC +1, EV +1)
((You are camouflaged when in or above water. (Stealth+)))
You have tentacles for arms and can constrict up to eight enemies at once.


   Skills:
 - Level 3.0 Fighting
 - Level 2.0 Short Blades
 - Level 1.6 Staves
 - Level 2.0 Dodging
 - Level 2.6 Stealth
 - Level 4.0 Unarmed Combat
 - Level 2.0 Spellcasting
 - Level 7.0 Summonings
 - Level 2.0 Air Magic
 + Level 5.0 Shapeshifting


You had 3 spell levels left.
You knew the following spells:

 Your Spells              Type           Power      Damage    Failure   Level
c - Call Canine Familiar  Summ           30%        N/A       1%          3
l - Summon Lightning Spi  Summ/Air       20%        N/A       10%         4
z - Summon Small Mammal   Summ           100%       N/A       1%          1

Your spell library contained the following spells:

 Spells                   Type           Power      Damage    Failure   Level
 Call Imp                 Summ           60%        N/A       1%          2
 Swiftness                Air            10%        N/A       9%          3
 Ensorcelled Hibernation  Hex/Ice        4%         N/A       10%         2
 Fugue of the Fallen      Necr           2%         N/A       19%         3
 Ozocubu's Armour         Ice            2%         N/A       19%         3
 Passwall                 Erth           2%         N/A       19%         3
 Summon Blazeheart Golem  Fire/Summ      16%        N/A       16%         4
 Anguish                  Hex/Necr       1%         N/A       50%         4
 Manifold Assault         Tloc           2%         N/A       50%         4

Inventory:

Hand Weapons
 e - a +3 dagger of speed (weapon)
 m - a +2 dagger of venom
Missiles
 q - a throwing net {=f}
Magical Staves
 d - a staff of cold {!a}
Jewellery
 C - a ring of protection from cold (left tentacle)
 L - a ring of flight (on tentacle)
 S - a +6 ring of strength (right tentacle)
 Z - a ring of wizardry (on tentacle)
Scrolls
 b - 3 scrolls of noise {unknown}
 c - 4 scrolls of teleportation {unknown}
 f - 2 scrolls of revelation {unknown}
 g - a scroll of butterflies {unknown}
 h - a scroll of enchant weapon {unknown}
 j - 6 scrolls of identify {unknown}
 k - a scroll of blinking {unknown}
 n - 2 scrolls of fog {unknown}
 r - a scroll of immolation {unknown}
 t - a scroll of enchant armour {unknown}
Potions
 a - a potion of magic
 i - 2 potions of cancellation {unknown}
 l - a potion of curing {@q1}
 o - a potion of enlightenment {unknown}
 p - a potion of heal wounds {unknown}
 s - 2 potions of brilliance {unknown}

Dungeon Overview and Level Annotations

Branches:
Dungeon (6/15)
 Temple: D:4-7

Altars:
Ashenzari
Elyvilon
Gozag
Hepliaklqana
Makhleb
Nemelex Xobeh
Okawaru
Ru
Wu Jian
Xom
The Shining One

Shops:
D:2

= ...
.###.......#.....##...
.... ..#......##.....#....
...D##.##.............<...
.......#...............##.
.....§.................# .
.....$...............#.. .
.......§#.........####..
........#.§§......# #...
....##.$D@§§....### ##.# #
#..8(..§§....# .#
#..$....##......#
#....#.##...<...#
##..##.#........# #..
#...#.#.....# #..
##..####..... . #?# ....#
## ...##


You could see a steam dragon (ally target) and a friendly lightning spire
(summoned).


Message History

No target in view!
No target in view!
No target in view!
Unknown command.
Unknown command.
Unknown command.
Your inugami is engulfed in a cloud of scalding steam.
Your inugami dies!
Your inugami disappears in a puff of smoke!
You start resting.
A steam dragon is nearby!
Unknown command.
You hit the steam dragon. You squeeze the steam dragon.
The steam dragon is moderately wounded.
Unknown command.
The steam dragon bites you.
* * * LOW HITPOINT WARNING * * *
The steam dragon barely misses you.
Unknown command.
You hit the steam dragon.
The steam dragon is moderately wounded.
The steam dragon breathes steam at you. The ball of steam hits you!!
* * * LOW HITPOINT WARNING * * *
Unknown command.
You hit the steam dragon.
The steam dragon is moderately wounded.
You are engulfed in a cloud of scalding steam.
You die...
Your body crumbles into a pile of gold.

Skill      XL: |  1  2  3  4  5  6  7  8 |
---------------+-------------------------+-----
Fighting       | 1 2 3 |  3.0
Short Blades   | 1 2 |  2.0
Summonings     | 5 6 7 |  7.0
Staves         | 1 |  1.6
Unarmed Combat | 3 4 |  4.0
Shapeshifting  | 3 5 |  5.0
Air Magic      | 1 2 |  2.0
Dodging        | |  2.0
Stealth        | |  2.6
Spellcasting   | |  2.0

Action                     |  1- 3 |  4- 6 |  7- 9 || total
---------------------------+-------+-------+-------++-------
  Melee: Unarmed           |     8 |       |       ||     8
         Tentacles         |    13 |    24 |    24 ||    61
         Constrict         |    21 |    17 |    20 ||    58
         Club              |     8 |       |       ||     8
         Dagger            |    62 |   114 |   102 ||   278
         Punch             |     1 |       |     2 ||     3
   Cast: Summon Small Mamm |     4 |     2 |       ||     6
         Call Canine Famil |       |     1 |     6 ||     7
         Summon Lightning  |       |       |     5 ||     5
    Use: Potion            |       |     2 |       ||     2
   Stab: Sleeping          |     6 |     7 |    12 ||    25
         Distracted        |       |       |     1 ||     1
 Armour: Skin              |    22 |    41 |    30 ||    93
  Dodge: Dodged            |    38 |    48 |    30 ||   116

Levels and vault maps discovered:
D:1:      lightli_arrival_farm, layout_basic, minmay_hexomino_f4
D:2:      layout_rooms, serial_shops, shop
D:3:      minmay_door_path, layout_loops_ring, grunt_temple_overflow_octagram,
          dk_vineyard_1
D:4:      layout_basic, uniq_duvessa, uniq_eustachio
D:5:      layout_rooms, mainiacjoe_overflow_catch_the_wave,
          mainiacjoe_overflow_alcove_4, mainiacjoe_overflow_boulevard,
          uniq_grinder
D:6:      cheibrodos_steamvent, layout_cave_pools,
          minmay_temple_entry_large_hall, nicolae_nh_ransacked_shop

Notes
Turn   | Place    | Note
-------+----------+-------------------------------------------
     0 | D:1      | Trailmix the Octopode Summoner began the quest for the Orb.
     0 | D:1      | Reached XP level 1. HP: 11/11 MP: 3/3
    29 | D:1      | Reached skill level 1 in Fighting
    48 | D:1      | Reached XP level 2. HP: 18/18 MP: 1/5
   144 | D:1      | Reached skill level 2 in Fighting
   218 | D:1      | Reached XP level 3. HP: 22/25 MP: 6/6
   419 | D:1      | Reached skill level 3 in Fighting
   837 | D:2      | Reached XP level 4. HP: 24/31 MP: 7/7
  1013 | D:2      | Reached skill level 1 in Short Blades
  1233 | D:2      | Found Zireadam's Jewellery Boutique.
  1794 | D:3      | Reached skill level 5 in Summonings
  1794 | D:3      | Reached XP level 5. HP: 36/36 MP: 8/8
  2173 | D:3      | Found a broken altar of Ashenzari.
  2179 | D:3      | Found an opulent altar of Gozag.
  2187 | D:3      | Found an iron altar of Okawaru.
  2194 | D:3      | Became a worshipper of Gozag Ym Sagoz the Greedy
  2204 | D:3      | Found an ornate altar of the Wu Jian Council.
  2211 | D:3      | Found a burning altar of Makhleb.
  2217 | D:3      | Found a sacrificial altar of Ru.
  2228 | D:3      | Found a shimmering altar of Xom.
  2336 | D:4      | Noticed a phantom
  2349 | D:4      | Killed a phantom
  2350 | D:4      | Reached skill level 6 in Summonings
  2350 | D:4      | Reached XP level 6. HP: 33/42 MP: 9/9
  2459 | D:4      | Noticed Eustachio
  2468 | D:4      | HP: 2/42 [sleepcap (8)]
  2473 | D:4      | HP: 4/42 [sleepcap (1)]
  2474 | D:4      | HP: 1/42 [sleepcap (3)]
  2514 | D:3      | Learned a level 3 spell: Call Canine Familiar
  2745 | D:4      | Killed Eustachio
  2746 | D:4      | Reached skill level 7 in Summonings
  2746 | D:4      | Reached skill level 2 in Short Blades
  2746 | D:4      | Reached skill level 1 in Staves
  2746 | D:4      | Reached XP level 7. HP: 19/46 MP: 7/10
  2911 | D:4      | Reached skill level 1 in Unarmed Combat
  3017 | D:4      | Reached skill level 1 in Shapeshifting
  3099 | D:4      | Noticed Dowan
  3104 | D:4      | Noticed Duvessa
  3114 | D:4      | Killed Dowan
  3115 | D:4      | Reached skill level 2 in Unarmed Combat
  3123 | D:4      | Killed Duvessa
  3124 | D:4      | Reached skill level 2 in Shapeshifting
  3351 | D:4      | Learned a level 4 spell: Summon Lightning Spire
  3367 | D:5      | Entered Level 5 of the Dungeon
  3367 | D:5      | Found a hazy altar of Hepliaklqana.
  3374 | D:5      | Reached skill level 3 in Unarmed Combat
  3374 | D:5      | Noticed Grinder
  3507 | D:5      | Killed Grinder
  3508 | D:5      | Reached skill level 1 in Air Magic
  3508 | D:5      | Reached skill level 3 in Shapeshifting
  3508 | D:5      | Reached XP level 8. HP: 40/52 MP: 8/11
  3591 | D:5      | Found a glowing golden altar of the Shining One.
  3609 | D:5      | Found a white marble altar of Elyvilon.
  3623 | D:5      | Reached skill level 2 in Air Magic
  3711 | D:5      | Reached skill level 4 in Unarmed Combat
  3832 | D:5      | Found a sparkling altar of Nemelex Xobeh.
  3854 | D:5      | Reached skill level 4 in Shapeshifting
  4164 | D:6      | Reached skill level 5 in Shapeshifting
  4177 | D:6      | HP: 4/52 [steam dragon/ball of steam (21)]
  4178 | D:6      | Engulfed by a steam dragon's steam

Vanquished Creatures
  Grinder (D:5)
  Eustachio (D:4)
  Duvessa (D:4)
  A black bear (D:6)
  An ogre (D:5)
  A phantom (D:4)
  A scorpion (D:4)
  5 bombardier beetles
  An orc priest (D:3)
  3 hounds
  A sleepcap (D:4)
  3 iguanas
  An orc wizard (D:4)
  2 gnolls (D:6)
  3 adders
  6 dart slugs
  A ribbon worm (D:2)
  7 orcs
  5 ball pythons
  10 endoplasms
  2 giant cockroaches (D:4)
  3 goblins
  10 hobgoblins
  3 jackals (D:1)
  8 quokkas
  6 bats
  A frilled lizard (D:3)
  14 kobolds
102 creatures vanquished.

Vanquished Creatures (collateral kills)
  Dowan (D:4)
  A bombardier beetle (D:5)
  A jelly (D:5)
  2 gnolls (D:6)
  3 goblins
  A quokka (D:1)
9 creatures vanquished.

Grand Total: 111 creatures vanquished

Table legend: (Time is in decaauts)
 A = Elapsed time spent in this place.
 B = Non-inter-level travel time spent in this place.
 C = Inter-level travel time spent in this place.
 D = Time resting spent in this place.
 E = Time spent auto-exploring this place.
 F = Levels seen in this place.
 G = Mean time per level.
                   A        B        C        D        E       F      G
               +--------+--------+--------+--------+--------+-----+--------+
         Total |   4073 |   3933 |    140 |    490 |   2727 |   6 |  678.8 |
       Dungeon |   4073 |   3933 |    140 |    490 |   2727 |   6 |  678.8 |
               +--------+--------+--------+--------+--------+-----+--------+

Top non-repeatable levels by time:
     D:3: 1174 daAuts
     D:4: 825 daAuts
     D:1: 778 daAuts
     D:5: 623 daAuts
     D:2: 538 daAuts
     D:6: 133 daAuts

Table legend:
 A = Non-vault XP
 B = Vault XP
 C = Vault XP percentage of total XP
 D = Non-vault monster count
 E = Vault monster count
 F = Vault count percentage of total count
                 A         B        C        D         E       F
            +---------+---------+-------+---------+---------+-------
      Total |    1345 |     681 |  33.6 |     104 |       7 |   6.3
            +---------+---------+-------+---------+---------+-------
        D:1 |      64 |       5 |   7.2 |      32 |       3 |   8.6
        D:2 |      38 |       0 |   0.0 |      15 |       0 |   0.0
        D:3 |     164 |       0 |   0.0 |      18 |       0 |   0.0
        D:4 |     419 |     409 |  49.4 |      22 |       3 |  12.0
        D:5 |     470 |     267 |  36.2 |      11 |       1 |   8.3
        D:6 |     190 |       0 |   0.0 |       6 |       0 |   0.0
            +---------+---------+-------+---------+---------+-------
